 Dungeon Crawl Stone Soup version 0.18-a0-946-g3ac5b32 (webtiles) character file.

1451 4thArraOfDagon the Reanimator (level 8, 0/60 HPs)
             Began as a Mummy Necromancer on Dec 29, 2015.
             Was a Believer of Okawaru.
             Slain by Menkaure (17 damage)
             ... on level 7 of the Dungeon.
             The game lasted 00:19:07 (3031 turns).

4thArraOfDagon the Reanimator (Mummy Necromancer)   Turns: 3031, Time: 00:19:07

Health: 0/60       AC:  5    Str: 11    XL:     8   Next: 47%
Magic:  3/22       EV: 12    Int: 17    God:    Okawaru [**....]
Gold:   229        SH:  0    Dex: 12    Spells: 4 memorised, 5 levels left

rFire  x . .     SeeInvis .     v - +0 spear of Anguish {flame, MP+9}
rCold  + . .     Gourm    .     k - +0 ring mail {rN+}
rNeg   + + +     Faith    .     (no shield)
rPois  ∞         Spirit   .     (no helmet)
rElec  .         Dismiss  .     (no cloak)
rCorr  +         Reflect  .     (no gloves)
SustAt +         Harm     .     (no boots)
MR     +....                    c - amulet of resist corrosion
Stlth  +.........               u - +2 ring of evasion
                                q - ring of sustain attributes

@: somewhat resistant to hostile enchantments, very unstealthy
A: no food or potions, fire vulnerability, cold resistance 1, negative energy
resistance 3, torment resistance, unbreathing
a: Heroism, Renounce Religion


You were on level 7 of the Dungeon.
You worshipped Okawaru.
Okawaru was pleased with you.
You were not hungry.

You visited 2 branches of the dungeon, and saw 10 of its levels.

You collected 229 gold pieces.

Inventory:

Hand Weapons
 d - a +0 club
 f - a +0 short sword
 g - a +0 dagger of venom
 s - a +1 trident of venom
 v - the +0 spear of Anguish (weapon) {flame, MP+9}
   (You found it on level 7 of the Dungeon)

   It has been specially enchanted to burn those struck by it, causing extra
   injury to most foes and up to half again as much damage against particularly
   susceptible opponents.
   It affects your magic capacity (+9).
Missiles
 l - 4 curare-tipped needles
Armour
 a - a +0 robe
 k - a +0 ring mail of positive energy (worn)
Jewellery
 c - an amulet of resist corrosion (around neck)
 q - a ring of sustain attributes (left hand)
 u - a +2 ring of evasion (right hand)
Wands
 t - a wand of disintegration (12/24)
Scrolls
 e - 5 scrolls of remove curse
 h - 2 scrolls of noise
 i - a scroll of identify
 j - a scroll of magic mapping
 m - 2 scrolls of fog
 o - a scroll of teleportation
 p - a scroll of immolation
 r - a scroll of enchant weapon
Books
 b - a book of Necromancy

   Spells                             Type                      Level
   a - Pain                           Necromancy                   1
   b - Animate Skeleton               Necromancy                   1
   c - Vampiric Draining              Necromancy                   3
   d - Regeneration                   Charms/Necromancy            3
   e - Animate Dead                   Necromancy                   4
   f - Control Undead                 Necromancy                   4
 n - a book of Ice

   Spells                             Type                      Level
   a - Ice Form                       Ice/Transmutation            4
   b - Metabolic Englaciation         Hexes/Ice                    5
   c - Ozocubu's Refrigeration        Ice                          6
   d - Bolt of Cold                   Conjuration/Ice              6
   e - Freezing Cloud                 Conjuration/Ice/Air          6
   f - Simulacrum                     Ice/Necromancy               6


   Skills:
 + Level 3.8 Fighting
 - Level 1.5 Dodging
 - Level 1.5 Stealth
 + Level 3.6 Spellcasting
 * Level 9.0 Necromancy
 + Level 3.7 Invocations


You had 5 spell levels left.
You knew the following spells:

 Your Spells              Type           Power        Failure   Level  Hunger
a - Pain                  Necr           ####         1%          1    N/A
b - Vampiric Draining     Necr           ####......   3%          3    N/A
c - Animate Skeleton      Necr           N/A          1%          1    N/A
d - Animate Dead          Necr           N/A          12%         4    N/A

Dungeon Overview and Level Annotations

Branches:
Dungeon (9/15)             Temple (1/1) D:4
   Lair: D:8-11         Orc: D:9-12

Altars:
Ashenzari
Cheibriados
Kikubaaqudgha
Okawaru
Pakellas
Ru
Yredelemnul
The Shining One

Shops:
D:4 :

Annotations:
D:2 Ijyb
D:7 Menkaure
D:8 Joseph


Innate Abilities, Weirdness & Mutations

You do not eat or drink.
Your flesh is vulnerable to fire.
You are immune to poison.
Your flesh is cold resistant.
You are immune to negative energy.
You are immune to unholy pain and torment.
You can survive without breathing.


Message History

* * * LOW HITPOINT WARNING * * *
You hit the scorpion but do no damage.
The scorpion is heavily wounded.
The scorpion closely misses you.
Your orc skeleton hits the scorpion.
Casting: Vampiric Draining
Confirm with . or Enter, or press ? or * to list all spells.
Aiming: Vampiric Draining
Press: ? - help, Shift-Dir - straight line, f/p - scorpion
Aim: a scorpion (severely wounded)
You kill the scorpion!
Okawaru accepts your kill.
Your Necromancy skill increases to level 9!
You feel life coursing into your body.
You see here a scorpion corpse.
Casting: Vampiric Draining
Confirm with . or Enter, or press ? or * to list all spells.
There is nothing here that can be animated!
Unknown command.
Menkaure hits you!
You die...

###########...#.#
.....%%........># #.
###########.....# ..#
##.#..### #.# #......# #.#
###†.#### ###.# .#####.Z#
.# ...#
........Z##.######## ##.#
..#####..@M..........##...
###......... #(.....
#.#....###.####...
#.###...##........ ...
.......##... ######. ...#
.####.##..# ....... ...##
# #.##..# ######. ##.. #
#.##).# #.. #.#####.##..#


You could see Menkaure, a friendly orc skeleton and a friendly ogre skeleton.

Vanquished Creatures
  An orc warrior (D:7)
  A black bear (D:9)
  A centaur (D:9)
  2 ogres
  A sky beast (D:9)
  A giant frog (D:7)
  A big kobold (D:8)
  4 scorpions
  3 hounds
  3 orc wizards
  A jelly (D:9)
  2 orc priests
  2 iguanas
  3 worker ants
  A killer bee zombie (D:7)
  4 gnolls (D:4)
  3 adders
  3 shadow imps
  A worm (D:3)
  24 orcs
  5 giant cockroaches
  3 goblins
  4 hobgoblins
  5 jackals
  A ball python (D:4)
  5 bats
  A giant gecko skeleton (D:6)
  A giant gecko zombie (D:5)
  A giant newt (D:7)
  A jackal skeleton (D:5)
  8 kobolds
  A quokka (D:2)
  3 rats
101 creatures vanquished.

Vanquished Creatures (collateral kills)
  An ice beast (D:7)
  An adder (D:5)
2 creatures vanquished.

Grand Total: 103 creatures vanquished

Notes
Turn   | Place    | Note
--------------------------------------------------------------
     0 | D:1      | 4thArraOfDagon the Mummy Necromancer began the quest for the Orb.
     0 | D:1      | Reached XP level 1. HP: 13/13 MP: 3/3
   317 | D:2      | Reached XP level 2. HP: 19/19 MP: 3/5
   364 | D:2      | Noticed Ijyb
   411 | D:4      | Noticed a phantom
   412 | D:4      | hold that
   420 | D:4      | Found an oddly glowing altar of Pakellas.
   441 | D:5      | Entered Level 5 of the Dungeon
   594 | D:4      | Found Jetset's Book Emporium.
   611 | D:4      | Noticed a scorpion
   624 | D:4      | Killed a scorpion
   624 | D:4      | Reached skill level 5 in Necromancy
   624 | D:4      | Reached XP level 3. HP: 10/24 MP: 4/6
   624 | D:4      | Reached XP level 4. HP: 12/30 MP: 4/7
   629 | D:4      | Learned a level 3 spell: Vampiric Draining
   631 | D:4      | Learned a level 1 spell: Animate Skeleton
   671 | D:4      | Found a staircase to the Ecumenical Temple.
   677 | Temple   | Entered the Ecumenical Temple
   678 | Temple   | 4thArraOfDagon: tenple!
   715 | Temple   | Became a worshipper of Warmaster Okawaru
   736 | D:4      | Noticed an ogre
   749 | D:4      | Killed an ogre
   749 | D:4      | Reached skill level 6 in Necromancy
   953 | D:3      | Reached XP level 5. HP: 25/36 MP: 1/8
  1133 | D:3      | st0uf: i see you swing in the air while i press 5, do you gain turns or is it you just dont want full health?
  1243 | D:4      | 4thArraOfDagon: i gain hp faster
  1243 | D:4      | st0uf: ok, so its a good trick too
  1243 | D:4      | 4thArraOfDagon: comparing real-time turns and in-game turns
  1243 | D:4      | st0uf: thanks mate
  1243 | D:4      | 4thArraOfDagon: when you do action that takes 2AUT that means you spend 1 real time turn ( one button) but time flows in game like 2 normal turns
  1250 | D:4      | Found a glowing golden altar of the Shining One.
  1252 | D:4      | Noticed an angel
  1259 | D:4      | Found a basalt altar of Yredelemnul.
  1262 | D:4      | Noticed a profane servitor
  1362 | D:4      | Reached * piety under Okawaru
  1362 | D:4      | Reached skill level 1 in Fighting
  1495 | D:5      | uh oh
  1530 | D:5      | st0uf: yeah ^^
  1591 | D:5      | Reached skill level 1 in Invocations
  1603 | D:5      | st0uf: nobody here
  1617 | D:5      | Reached XP level 6. HP: 34/43 MP: 5/9
  1670 | D:5      | 4thArraOfDagon: lucky me :D
  1733 | D:5      | Reached skill level 7 in Necromancy
  2140 | D:7      | Reached XP level 7. HP: 35/50 MP: 1/10
  2186 | D:8      | Found an ancient bone altar of Kikubaaqudgha.
  2224 | D:8      | st0uf: yeah you gain hp faster than mp
  2251 | D:9      | st0uf: impressive
  2307 | D:9      | st0uf: orcssss
  2307 | D:9      | Reached ** piety under Okawaru
  2365 | D:8      | st0uf: smite for twice
  2414 | D:9      | Reached skill level 8 in Necromancy
  2415 | D:9      | REANIMATOR
  2526 | D:9      | 4thArraOfDagon: upgrade!
  2541 | D:9      | st0uf: eheh
  2579 | D:9      | st0uf: you can hide behind you minion to strike
  2580 | D:9      | Reached XP level 8. HP: 25/58 MP: 1/12
  2676 | D:8      | Noticed Joseph
  2924 | D:7      | Got a smoking spear
  2925 | D:7      | Identified the cursed +0 spear of Anguish {flame, MP+9} (You found it on level 7 of the Dungeon)
  2926 | D:7      | st0uf: better upgrade?
  2927 | D:7      | 4thArraOfDagon: ya
  2927 | D:7      | 4thArraOfDagon: free mp!
  2960 | D:7      | st0uf: +0 not so good
  2990 | D:7      | Learned a level 4 spell: Animate Dead
  3000 | D:7      | Noticed Menkaure
  3022 | D:7      | st0uf: zomb battle!
  3025 | D:7      | Reached skill level 9 in Necromancy
  3031 | D:7      | Slain by Menkaure

Vault maps used:
D:1:      dpeg_arrival_line_fractal, minmay_misc_feat_enclosed,
          corexii_hall_statues_l
D:2:      uniq_iyjb
D:3:      ecumenical_altar_2, first_bread, grunt_ministairs_7,
          serial_bayou_pond_a
D:4:      grunt_temple_overflow_holy_war, minmay_temple_entry_hall,
          serial_shops, shop, grunt_pakellas_mercury
D:5:      nicolae_overflow_hidden_temple
D:6:      lemuel_statue_altar
D:7:      grunt_livestock, uniq_duvessa, uniq_menkaure
D:8:      makhleb_altar_promises_db, lemuel_crystal_altar, uniq_joseph,
          uniq_grum
D:9:      hiddenorc2_lemuel
Temple:   hc_temple_tempest_star

Action                   |  1- 3 |  4- 6 |  7- 9 || total
-------------------------+-------+-------+-------++-------
Melee: Unarmed           |     1 |       |       ||     1
       Club              |     6 |       |       ||     6
       Dagger            |     2 |   167 |    67 ||   236
       Trident           |       |       |    57 ||    57
       Spear             |       |       |     3 ||     3
 Cast: Pain              |    35 |    14 |     6 ||    55
       Vampiric Draining |       |     9 |    20 ||    29
       Animate Skeleton  |       |     1 |     7 ||     8
Invok: Heroism           |       |       |     1 ||     1
  Use: Scroll            |       |     6 |     3 ||     9
 Stab: Distracted        |       |       |     2 ||     2
